 Dungeon Crawl Stone Soup version 0.30-a0-170-g85af917532 (webtiles) character file.

Game seed: 12779629263521560696

28 qw the Shield-Bearer (level 3, -1/23 HPs)
             Began as a Gargoyle Fighter on Sept 30, 2022.
             Slain by Robin
             ... wielding a +4 mace of protection
              (7 damage)
             ... on level 2 of the Dungeon.
             The game lasted 00:00:20 (1071 turns).

qw the Shield-Bearer (Gargoyle Fighter)             Turns: 1071, Time: 00:00:21

Health: -1/23      AC: 10    Str: 21    XL:     3   Next: 14%
Magic:  3/3        EV:  9    Int:  8    God:
Gold:   70         SH:  4    Dex:  9    Spells: 2/2 levels left

rFire   . . .      SeeInvis .    Y - +0 war axe
rCold   . . .      Faith    .    c - +0 buckler
rNeg    + . .      Spirit   .    b - +0 scale mail
rPois   inf        Reflect  .    (no helmet)
rElec   +          Harm     .    (no cloak)
rCorr   .          Rampage  .    (no gloves)
Will    .....                    (no boots)
Stlth   ..........               (no amulet)
HPRegen 0.07/turn                (no ring)
MPRegen 0.08/turn                (no ring)

@: no status effects
A: sickness immunity, AC +3, negative energy resistance 1, electricity
resistance, torment resistance 1, petrification resistance
a: no special abilities


You were on level 2 of the Dungeon.
You visited 1 branch of the dungeon, and saw 2 of its levels.

You collected 70 gold pieces.


Innate Abilities, Weirdness & Mutations

You are immune to sickness and miasma.
Your stone body is resilient. (AC +3)
You are immune to poison.
You resist negative energy. (rN+)
You are resistant to electric shocks. (rElec)
You are resistant to unholy torment.
You are immune to petrification.


   Skills:
 - Level 3.2 Fighting
 + Level 3.1 Axes
 - Level 0.1 Throwing
 - Level 3.2 Armour
 - Level 3.2 Shields


You had 2 spell levels left.
You didn't know any spells.
Your spell library was empty.

Inventory:

Hand Weapons
 g - a +0 mace
 Y - a +0 war axe (weapon)
Armour
 b - a +0 scale mail (worn)
 c - a +0 buckler (worn)
Scrolls
 a - a scroll of identify {unknown}
Potions
 d - 3 potions of might
 f - a potion of heal wounds {unknown}
 h - a potion of berserk rage {unknown}

Dungeon Overview and Level Annotations

Branches:
Dungeon (2/15)

Altars:

Annotations:
D:2 Robin


Message History

You closely miss the goblin.
The goblin is heavily wounded.
You block the goblin's attack.
You slash the goblin!
You kill the goblin!
Robin and a goblin come into view.
Robin is wielding a +4 mace of protection.
Robin shouts!
The goblin shouts!
Robin roars a battlecry!
The goblin goes into a battle-frenzy!
A goblin comes into view.
It is wielding a +1 dagger of protection.
The goblin shouts!
You hear a shout!
Things that are here:
a +0 club; a +0 club
1063 ||| Stepping ~*~*~tactically~*~*~ (hiding).
1064 ||| Stepping ~*~*~tactically~*~*~ (hiding).
You start waiting.
Robin is nearby!
Robin throws the goblin at you!
You slash the goblin!
You kill the goblin!
You block Robin's attack.
You hit Robin.
Robin is moderately wounded.
Robin roars a battlecry!
You hit Robin.
Robin is severely wounded.
Robin throws the goblin at you!
The goblin hits you with a +1 dagger of protection. x2
Robin hits you with a +4 mace of protection!
You hit Robin but do no damage.
Robin is severely wounded.
You closely miss the goblin. Robin closely misses you.
The goblin barely misses you.
You barely miss Robin.
Robin is severely wounded.
You closely miss the goblin. The goblin barely misses you.
Robin hits you with a +4 mace of protection!
You die...

..# ## #.. ...
##.###.#
#......#
#......+
#......#
#......#
#g)....#
#@.....#
####g.....#
#...)......#
#......(...#
g.g..........#
########+###.#
#........##
#.####.#..#
#<# #.#..#


You could see Robin and a goblin (strong).

Vanquished Creatures
  9 goblins
  2 hobgoblins
  2 quokkas
  3 ball pythons (D:1)
  3 bats
  A frilled lizard (D:1)
  5 kobolds (D:1)
  A rat (D:1)
  A spectral kobold (D:1)
27 creatures vanquished.

Notes
Turn   | Place    | Note
-------+----------+-------------------------------------------
     0 | D:1      | qw the Gargoyle Fighter began the quest for the Orb.
     0 | D:1      | Reached XP level 1. HP: 14/14 MP: 1/1
     0 | D:1      | 0 ||| qw: Version: 0.2-a-12-gaebbb33
     0 | D:1      | 0 ||| qw: Game counter: 1592
     0 | D:1      | 0 ||| qw: Always use a shield: true
     0 | D:1      | 0 ||| qw: God list: Okawaru
     0 | D:1      | 0 ||| qw: Allow faded altars: false
     0 | D:1      | 0 ||| qw: Do Orc after D:15 true
     0 | D:1      | 0 ||| qw: Do second Lair branch before Depths: true
     0 | D:1      | 0 ||| qw: Lair rune preference: random
     0 | D:1      | 0 ||| qw: Plans: Normal, Zot:1-4, God:TSO, Crypt, Tomb,
                  | Pan, Slime:5, Hells, Abyss, Orb
     0 | D:1      | 0 ||| PLANNING D:1-11
   144 | D:1      | Found a faded altar of an unknown god.
   249 | D:1      | Reached XP level 2. HP: 19/19 MP: 2/2
   282 | D:1      | 282 ||| Stepping ~*~*~tactically~*~*~ (stealth).
   952 | D:1      | 952 ||| READING scroll labelled GEN WE KYFAUZI.
   953 | D:1      | 953 ||| READING scroll labelled MABREN TONT.
  1009 | D:2      | Reached skill level 3 in Axes
  1039 | D:2      | Reached XP level 3. HP: 23/23 MP: 3/3
  1054 | D:2      | Noticed Robin
  1055 | D:2      | 1055 ||| Stepping ~*~*~tactically~*~*~ (stealth).
  1063 | D:2      | 1063 ||| Stepping ~*~*~tactically~*~*~ (hiding).
  1064 | D:2      | 1064 ||| Stepping ~*~*~tactically~*~*~ (hiding).
  1071 | D:2      | Slain by Robin

Levels and vault maps discovered:
D:1:      minmay_arrival_jagged, layout_loops_ring,
          dreamdust_ecumenical_altar_drowned_temple
D:2:      layout_basic, uniq_robin, uniq_sigmund, uniq_terence

Skill      XL: |  1  2 |
---------------+-------+-----
Axes           | 2 3 |  3.1
Fighting       | |  3.2
Throwing       | |  0.1
Armour         | |  3.2
Shields        | |  3.2

Action                   || total
-------------------------++-------
Melee: War axe           ||    67
Throw: Javelin           ||     8
  Use: Scroll            ||     2
Armor: Scale mail        ||    28
Dodge: Dodged            ||    30
Block: Buckler           ||    12

Table legend:
 A = Non-vault XP
 B = Vault XP
 C = Vault XP percentage of total XP
 D = Non-vault monster count
 E = Vault monster count
 F = Vault count percentage of total count
                 A         B        C        D         E       F
            +---------+---------+-------+---------+---------+-------
      Total |      33 |       8 |  19.5 |      22 |       5 |  18.5
            +---------+---------+-------+---------+---------+-------
        D:1 |      28 |       1 |   3.4 |      19 |       1 |   5.0
        D:2 |       5 |       7 |  58.3 |       3 |       4 |  57.1
            +---------+---------+-------+---------+---------+-------
